 Dungeon Crawl Stone Soup version 0.17-a0-491-gbd49765 (webtiles) character file.

235 Radiman the Cleaver (level 6, 0/76 HPs)
             Began as a Hill Orc Berserker on Apr 9, 2015.
             Was a Believer of Trog.
             Succumbed to a worker ant's poison
             ... on level 4 of the Dungeon.
             The game lasted 00:08:32 (3639 turns).

Radiman the Cleaver (Hill Orc Berserker)            Turns: 3639, Time: 00:08:32

Health: 0/76       AC:  7    Str: 27    XL:     6   Next: 5%
Magic:  6/6        EV: 11    Int:  7    God:    Trog [**....]
Gold:   136        SH:  0    Dex: 10    Spells: 0 memorised, 5 levels left

rFire  . . .     SeeInvis .     a - +0 hand axe
rCold  . . .     Clarity  .     b - +2 ring mail {MR+}
rNeg   + . .     SustAb   .     (no shield)
rPois  .         Gourm    .     (no helmet)
rElec  .         Spirit   .     (no cloak)
rCorr  .         Warding  +     (no gloves)
rMut   .         Stasis   .     (no boots)
MR     +....                    i - amulet of warding
Stlth  ..........               (no ring)
                                (no ring)

@: berserking, lethally poisoned (0 -> -16), very quick, somewhat resistant to
hostile enchantments, extremely unstealthy
A: no striking features
a: Burn Spellbooks, Berserk, Trog's Hand, Renounce Religion


You were on level 4 of the Dungeon.
You worshipped Trog.
Trog was pleased with you.
You were not hungry.

You visited 1 branch of the dungeon, and saw 4 of its levels.

You collected 136 gold pieces.

Inventory:

Hand weapons
 a - a +0 hand axe (weapon)
Armour
 b - a +2 ring mail of magic resistance (worn)
Jewellery
 i - an amulet of warding (around neck)
Scrolls
 e - a scroll of amnesia {unknown}
 h - 2 scrolls of recharging {unknown}
 j - 2 scrolls of teleportation {unknown}
 k - a scroll of fog {unknown}
 q - a scroll of identify {unknown}
 s - a scroll of enchant armour {unknown}
Potions
 f - 3 potions of heal wounds {unknown}
 g - a potion of agility {unknown}
 n - a potion of might {unknown}
 p - a potion of resistance {unknown}
 r - 2 potions of ambrosia {unknown}
Comestibles
 c - 2 bread rations
 d - a slice of pizza
 l - 2 beef jerkies
 m - 3 meat rations
 o - 2 fruits


   Skills:
 - Level 3.6 Fighting
 * Level 8.6 Axes
 - Level 2.1 Armour
 - Level 1.5 Dodging


You had 5 spell levels left.
You didn't know any spells.

Dungeon Overview and Level Annotations

Branches:
Dungeon (4/15)
 Temple: D:4-7

Altars:
Kikubaaqudgha
Nemelex Xobeh
Okawaru
Yredelemnul


Message History

You feel yourself moving faster!
You feel mighty!
You feel somewhat more hungry.
You feel sick. The worker ant bites you.
* * * LOW HITPOINT WARNING * * *
You barely miss the worker ant.
The worker ant is severely wounded.
You feel sick. The worker ant bites you.
* * * LOW HITPOINT WARNING * * *
You barely miss the worker ant.
The worker ant is severely wounded.
You barely miss the worker ant.
The worker ant is severely wounded.
* * * LOW HITPOINT WARNING * * *
You feel sick. The worker ant bites you.
* * * LOW HITPOINT WARNING * * *
You are more poisoned.
The worker ant poisons you!
Unknown command.
You hit the worker ant.
The worker ant is almost dead.
You die...

##### ...... #......
#......#####+######
#.$...............#
#.................#
#.....a@..........#
#.................#
#............########
#......####)........#
###+#<. #.#######.#
### #.# #.# #.# #.#
#.# #.# #.# #.#


You could see a worker ant.

Vanquished Creatures
  An orc wizard (D:4)
  4 gnolls (D:3)
  5 worms
  7 adders
  3 giant geckos
  2 oozes
  4 orcs
  8 bats
  8 goblins
  4 hobgoblins
  A quokka (D:3)
  4 giant cockroaches
  7 giant newts
  13 kobolds
  6 rats
  2 plants (D:3)
79 creatures vanquished.

Notes
Turn   | Place    | Note
--------------------------------------------------------------
     0 | D:1      | Radiman, the Hill Orc Berserker, began the quest for the Orb.
     0 | D:1      | Reached XP level 1. HP: 19/19 MP: 1/1
   216 | D:1      | Reached XP level 2. HP: 26/26 MP: 2/2
   513 | D:1      | Reached skill level 5 in Axes
   725 | D:1      | Reached XP level 3. HP: 15/31 MP: 3/3
   965 | D:2      | Acquired Trog's second power
  1194 | D:2      | Reached skill level 6 in Axes
  1387 | D:2      | Found a sparkling altar of Nemelex Xobeh.
  1450 | D:2      | Found an ancient bone altar of Kikubaaqudgha.
  1450 | D:2      | Found an iron altar of Okawaru.
  1518 | D:2      | Reached XP level 4. HP: 39/39 MP: 4/4
  2019 | D:3      | Reached skill level 7 in Axes
  2026 | D:3      | Reached XP level 5. HP: 38/45 MP: 5/5
  2897 | D:3      | Reached skill level 8 in Axes
  2916 | D:3      | Found a basalt altar of Yredelemnul.
  3341 | D:4      | Reached XP level 6. HP: 32/51 MP: 6/6
  3638 | D:4      | HP: 1/76 [worker ant (5)]
  3639 | D:4      | Succumbed to a worker ant's poison

Action                   |  1- 3 |  4- 6 || total
-------------------------+-------+-------++-------
Melee: Hand axe          |   126 |   256 ||   382
Invok: Berserk           |     1 |     2 ||     3
  Eat: Chunk             |     3 |     8 ||    11
